 Dungeon Crawl Stone Soup version 0.26-a0-466-g989023bd0d (webtiles) character file.

Game seed: 6654953374219552890

14967 Apogee the Cleaver (level 11, 0/106 HPs)
             Began as a Deep Dwarf Gladiator on Aug 7, 2020.
             Was a Believer of Makhleb.
             Killed by nerve-wracking pain
             ... invoked by an orc priest
              (8 damage)
             ... on level 12 of the Dungeon.
             The game lasted 00:25:25 (8805 turns).

Apogee the Cleaver (Deep Dwarf Gladiator)           Turns: 8805, Time: 00:25:26

Health: 0/106      AC: 18    Str: 20    XL:     11   Next: 95%
Magic:  2/2        EV: 12    Int: 10    God:    Makhleb [**....]
Gold:   647        SH:  5    Dex: 14    Spells: 10/10 levels left

rFire    + . .     SeeInvis .   m - +1 war axe (vorpal)
rCold    . . .     Faith    .   h - +0 buckler (curse)
rNeg     . . .     Spirit   .   H - +0 plate armour
rPois    .         Reflect  .   c - +0 helmet
rElec    .         Harm     .   e - +0 cloak
rCorr    .                      (no gloves)
MR       .....                  l - +0 pair of boots
Stlth    ..........             (no amulet)
HPRegen  0.00/turn              i - ring of protection from fire
MPRegen  0.08/turn              y - +4 ring of evasion

@: mighty, vulnerable, very slightly contaminated, non-regenerating, studying
Translocations
A: damage resistance, heal wounds, sense surroundings 2, no regeneration
a: Heal Wounds, Minor Destruction, Renounce Religion


You were on level 12 of the Dungeon.
You worshipped Makhleb.
Makhleb was pleased with you.
You visited 2 branches of the dungeon, and saw 13 of its levels.

You collected 647 gold pieces.

Inventory:

Hand Weapons
 a - a +1 war axe
 m - a +1 vorpal war axe (weapon)
   (You found it on level 10 of the Dungeon)
Missiles
 d - 6 throwing nets {!f}
 f - 386 stones
 g - 10 curare-tipped darts (quivered) {!f}
Armour
 c - a +0 helmet (worn)
 e - a +0 cloak (worn)
   (You found it on level 4 of the Dungeon)
 h - a cursed +0 buckler (worn)
   (You found it on level 4 of the Dungeon)
 l - a +0 pair of boots (worn)
   (You found it on level 1 of the Dungeon)
 H - a +0 plate armour (worn)
   (You took it off an orc warrior on level 8 of the Dungeon)
Jewellery
 i - a ring of protection from fire (left hand)
   (You found it on level 1 of the Dungeon)
 r - an uncursed ring of resist corrosion
   (You took it off an orc on level 8 of the Dungeon)
 y - a +4 ring of evasion (right hand)
   (You found it on level 11 of the Dungeon)
Wands
 v - a wand of digging (2)
   (You found it on level 4 of the Dungeon)
Scrolls
 j - 4 scrolls of fog {unknown}
 k - 7 scrolls of remove curse {unknown}
 n - a scroll of silence {unknown}
 p - 12 scrolls of teleportation {@r4}
 q - 2 scrolls of immolation {unknown}
 s - 2 scrolls of enchant weapon
 t - 2 scrolls of random uselessness {unknown}
 w - 2 scrolls of noise {unknown}
 A - 2 scrolls of fear {unknown}
 D - 2 scrolls of blinking
 E - 4 scrolls of enchant armour {unknown}
Potions
 b - a potion of flight
 u - a potion of cancellation
 B - a potion of brilliance
Books
 G - a manual of Translocations {!d}
   (You found it on level 8 of the Dungeon)


   Skills:
 + Level 9.2 Fighting
 * Level 14.6 Axes
 - Level 1.7 Throwing
 + Level 9.6 Armour
 - Level 3.2 Dodging
 - Level 5.0 Shields


You had 10 spell levels left.
You didn't know any spells.
Your spell library contained the following spells:

 Spells                   Type           Power        Failure   Level
 Corona                   Hex            #......      100%        1
 Magic Dart               Conj           #...         100%        1
 Blink                    Tloc           N/A          100%        2
 Call Imp                 Summ           #.......     100%        2
 Ensorcelled Hibernation  Hex/Ice        #.....       100%        2
 Slow                     Hex            #.......     100%        2
 Confusing Touch          Hex            #.......     100%        3
 Conjure Flame            Conj/Fire      #.......     100%        3
 Dazzling Flash           Conj/Hex       #.....       100%        3
 Gell's Gravitas          Tloc           #.........   100%        3
 Ignite Poison            Fire/Tmut/Pois #.......     100%        3
 Inner Flame              Hex/Fire       #.......     100%        3
 Mephitic Cloud           Conj/Pois/Air  #.......     100%        3
 Tukima's Dance           Hex            #.......     100%        3
 Fulminant Prism          Conj/Hex       #.........   100%        4
 Petrify                  Tmut/Erth      #.......     100%        4
 Metabolic Englaciation   Hex/Ice        #.........   100%        5
 Yara's Violent Unravell  Hex/Tmut       #.........   100%        5
 Iron Shot                Conj/Erth      #.........   100%        6


Dungeon Overview and Level Annotations

Branches:
Dungeon (12/15)            Temple (1/1) D:5            Lair (0/6) D:11
    Orc (0/2) D:10

Altars:
Ashenzari
Cheibriados
Dithmenos
Elyvilon
Fedhas
Gozag
Hepliaklqana
Kikubaaqudgha
Makhleb
Nemelex Xobeh
Okawaru
Qazlal
Ru
Sif Muna
Trog
Uskayaw
Vehumet
Wu Jian
Xom
Yredelemnul
Zin
The Shining One

Shops:
D:9 *


Innate Abilities, Weirdness & Mutations

You are resistant to damage.
You can heal yourself by infusing magical energy.
You passively map the area around you.
You do not regenerate.


Message History

You feel much better.
The phantasmal warrior closely misses you.
The death knight completely misses you.
You feel much better.
The phantasmal warrior hits you but does no damage.
The death knight hits you with a +1 halberd of protection.
* * * LOW HITPOINT WARNING * * *
You feel much better. The phantasmal warrior hits you!
You barely miss the phantasmal warrior. You slash the death knight!
You block the death knight's attack. The phantasmal warrior hits you.
You slash the death knight! You hit the phantasmal warrior.
The phantasmal warrior hits you but does no damage.
The death knight hits you but does no damage.
Your plate armour prevents you from hitting the death knight.
You hit the phantasmal warrior.
The phantasmal warrior hits you but does no damage.
You closely miss the death knight.
You closely miss the phantasmal warrior.
You block the death knight's attack.
Unknown command.
Your plate armour prevents you from hitting the death knight.
You hit the phantasmal warrior. The phantasmal warrior hits you!
The death knight hits you but does no damage.
You closely miss the death knight. You hit the phantasmal warrior.
You block the phantasmal warrior's attack.
You barely miss the death knight.
Your plate armour prevents you from hitting the phantasmal warrior.
The death knight hits you with a +1 halberd of protection!!
* * * LOW HITPOINT WARNING * * *
The phantasmal warrior hits you!!
* * * LOW HITPOINT WARNING * * *
You feel much better.
The death knight invokes the aid of Yredelemnul against you.
You struggle to resist.
The phantasmal warrior hits you!!
* * * LOW HITPOINT WARNING * * *
Options error: Bad channel -- pray (~/.crawlrc:4440) Options error: Bad channel -- food (~/.crawlrc:4443) Welcome back, Apogee the Deep Dwarf Gladiator.
Blood and souls for Makhleb!
You are very lightly contaminated with residual magic.
As you read the scroll of blinking, it crumbles to dust.
The phantasmal warrior blinks!
As you read the scroll of teleportation {@r4}, it crumbles to dust.
You feel strangely unstable.
Your surroundings suddenly seem different.
An orc priest comes into view. It is wielding a +0 dagger.
The orc priest shouts!
The orc priest mumbles some strange prayers to Beogh against you.
Pain shoots through your body!
You die...

#.# #.# ## * ##'# #.# #.
* *, , ##...# ###.### #.
* *##.....## #.....# #.
*, #.......## #.###.# #.
, ,, !.o......####.#
#.#####. , ,
.........+....###.......
,
.........####.....#####.
* * *#......@#* ##.#.##
## * ##.....## #.....# #
##...# #.##### # ##+# #.
# * * #, # * * * * # ,,
** * # * * # * * * * ,,
*,


You could see an orc priest.

Vanquished Creatures
  Harold (D:8)
  A hydra (D:11)
  3 two-headed ogres
  A deep elf mage (D:11)
  2 ugly things
  A manticore (D:11)
  A cyclops (D:11)
  Joseph (D:9)
  Psyche (D:9)
  A gargoyle (D:11)
  Maggie (D:8)
  3 trolls
  A merfolk (D:11)
  4 hippogriffs
  A spriggan (D:11)
  A shadow (D:11)
  A wraith (D:12)
  4 yaks
  A wyvern (D:10)
  A vampire (D:11)
  Grum (D:8)
  2 wargs (D:10)
  A water moccasin (D:11)
  2 black bears
  7 orc warriors
  An eye of draining (D:11)
  2 ice beasts (D:11)
  A phantom (D:8)
  A sky beast (D:11)
  6 ogres
  3 wolves (D:8)
  7 centaurs
  A big kobold (D:11)
  9 bullfrogs
  7 scorpions
  A water moccasin skeleton (D:9)
  9 killer bees
  2 howler monkeys
  A crimson imp (D:11)
  A quasit (D:6)
  5 hounds
  4 jellies
  A centaur skeleton (D:4)
  4 orc priests
  5 orc wizards
  3 bullfrog skeletons
  A gnoll shaman (D:8)
  4 iguanas
  Natasha (D:4)
  2 worker ants
  2 hound zombies
  3 gnolls
  14 adders
  5 white imps
  2 ufetubi
  4 adder zombies
  An adder skeleton (D:6)
  8 worms
  4 dart slugs
  6 leopard geckos
  46 orcs
  3 giant cockroaches
  6 goblins
  9 hobgoblins
  7 jackals
  5 quokkas
  5 bats
  6 frilled lizards
  10 kobolds
  A quokka zombie (D:5)
  7 rats
280 creatures vanquished.

Vanquished Creatures (others)
  A centaur skeleton (D:11)
  A hobgoblin (D:3)
2 creatures vanquished.

Grand Total: 282 creatures vanquished

Notes
Turn   | Place    | Note
-------+----------+-------------------------------------------
     0 | D:1      | Apogee the Deep Dwarf Gladiator began the quest for the
                  | Orb.
     0 | D:1      | Reached XP level 1. HP: 19/19 MP: 1/1
   199 | D:1      | Reached XP level 2. HP: 24/26 MP: 2/2
   308 | D:1      | Reached skill level 4 in Axes
   625 | D:1      | Reached XP level 3. HP: 29/32 MP: 3/3
   987 | D:2      | You fall into a shaft and drop 2 floors!
   988 | D:4      | Noticed a scorpion
  1133 | D:3      | Reached skill level 5 in Axes
  1133 | D:3      | Reached XP level 4. HP: 26/40 MP: 4/4
  1719 | D:2      | Reached XP level 5. HP: 29/49 MP: 5/5
  2881 | D:4      | Reached skill level 6 in Axes
  2992 | D:4      | Reached XP level 6. HP: 37/56 MP: 5/5
  3148 | D:4      | Noticed Natasha
  3160 | D:4      | Killed Natasha
  3181 | D:4      | Reached skill level 7 in Axes
  3499 | D:5      | Entered Level 5 of the Dungeon
  3770 | D:5      | Reached skill level 1 in Armour
  3770 | D:5      | Reached skill level 1 in Shields
  3770 | D:5      | Reached XP level 7. HP: 49/64 MP: 6/6
  3841 | D:5      | Found a staircase to the Ecumenical Temple.
  3851 | Temple   | Entered the Ecumenical Temple
  4287 | D:6      | Got a pitted ring mail
  4298 | D:6      | Identified the +1 ring mail "Sacumeph" {-Tele +Inv rCorr
                  | Int+7} (You found it on level 6 of the Dungeon)
  4484 | D:6      | Found a stormy altar of Qazlal.
  4587 | D:6      | Reached skill level 8 in Axes
  4732 | D:6      | You fall into a shaft and drop 2 floors!
  4760 | D:8      | Found a hazy altar of Hepliaklqana.
  4850 | D:8      | Noticed Harold
  4878 | D:8      | Killed Harold
  4878 | D:8      | Reached skill level 5 in Fighting
  4878 | D:8      | Reached skill level 9 in Axes
  4878 | D:8      | Reached XP level 8. HP: 31/74 MP: 4/4
  5016 | D:8      | Gained mutation: You passively map the area around you.
                  | [Deep Dwarf growth]
  5016 | D:8      | Reached XP level 9. HP: 22/81 MP: 5/5
  5016 | D:8      | Noticed Grum
  5059 | D:8      | Killed Grum
  5198 | D:8      | Reached skill level 10 in Axes
  5250 | D:8      | Noticed Maggie
  5258 | D:8      | Killed Maggie
  5258 | D:8      | Reached skill level 5 in Armour
  5258 | D:8      | Reached skill level 5 in Shields
  5272 | D:7      | Found a hide-covered altar of Uskayaw.
  5454 | D:8      | Found a shattered altar of Ashenzari.
  5966 | D:8      | Reached skill level 11 in Axes
  6058 | D:9      | Found a shadowy altar of Dithmenos.
  6063 | D:9      | Noticed Psyche
  6072 | D:9      | Killed Psyche
  6107 | D:9      | Reached XP level 10. HP: 46/92 MP: 6/6
  6193 | D:9      | Noticed Joseph
  6212 | D:9      | Killed Joseph
  6236 | D:9      | Found Zin's Purification Station.
  6251 | D:9      | Found a glowing silver altar of Zin.
  6389 | D:9      | Found a sparkling altar of Nemelex Xobeh.
  6389 | D:9      | Found a burning altar of Makhleb.
  6409 | D:9      | Found a glowing golden altar of the Shining One.
  6422 | D:9      | Reached skill level 12 in Axes
  6424 | D:9      | Became a worshipper of Makhleb the Destroyer
  6611 | D:10     | Entered Level 10 of the Dungeon
  6691 | D:10     | Noticed a two-headed ogre
  6697 | D:10     | Killed a two-headed ogre
  7109 | D:10     | Identified the Grimoire of Excruciating Fire
  7119 | D:10     | Found a staircase to the Orcish Mines.
  7203 | D:10     | Reached skill level 13 in Axes
  7545 | D:10     | Reached * piety under Makhleb
  7545 | D:10     | Reached XP level 11. HP: 30/103 MP: 4/4
  7587 | D:11     | Noticed a two-headed ogre
  7594 | D:11     | Killed a two-headed ogre
  7599 | D:11     | Noticed a deep elf mage
  7616 | D:11     | Killed a deep elf mage
  7738 | D:11     | Noticed a four-headed hydra
  7756 | D:11     | Killed a seven-headed hydra
  7882 | D:11     | Reached ** piety under Makhleb
  7979 | D:11     | Noticed a two-headed ogre
  7988 | D:11     | Killed a two-headed ogre
  7988 | D:11     | Reached skill level 14 in Axes
  8282 | D:11     | Found a staircase to the Lair.
  8384 | D:11     | Noticed a red ugly thing
  8403 | D:11     | Killed a red ugly thing
  8573 | D:12     | Noticed a cyan ugly thing
  8665 | D:12     | Killed a cyan ugly thing
  8771 | D:12     | Noticed a death knight
  8771 | D:12     | Noticed a phantasmal warrior
  8778 | D:12     | Noticed a skeletal warrior
  8805 | D:12     | Killed from afar by an orc priest

Illustrated notes

Levels and vault maps discovered:
D:1:      dpeg_arrival_brainrot, layout_loops_ring
D:2:      minmay_alternating_diamond, layout_basic
D:3:      layout_loops_ring, lemuel_old_faithful
D:4:      layout_cave_pools, uniq_natasha
D:5:      layout_cave_pods, minmay_temple_entry_steel_oval
D:6:      layout_rooms, grunt_qazlal_clouds
D:7:      layout_cave_pools, nicolae_overflow_hidden_temple,
          uniq_prince_ribbit1, uniq_duvessa, uniq_menkaure
D:8:      layout_loops_ring, kennysheep_mini_moat, evilmike_ruin_ashenzari,
          uniq_grum, uniq_maggie, uniq_harold
D:9:      layout_roguey, zin_purify, gammafunk_temple_overflow_forgotten,
          grunt_dithmenos_smoke_and_mirrors, st_stairs_9, uniq_joseph,
          uniq_psyche
D:10:     layout_basic, david_orc_1_choice
D:11:     layout_irregular_city, lair_entry_dummy, grunt_ogre_cave,
          hangedman_stone_soup
D:12:     layout_loops_corners
Temple:   nicolae_temple_god_jail

Skill      XL: |  1  2  3  4  5  6  7  8  9 10 11 |
---------------+----------------------------------+-----
Fighting       | 2 3 4 5 6 7 9 |  9.2
Axes           | 4 5 6 7 9 11 13 14 | 14.6
Armour         | 1 3 4 6 8 9 |  9.6
Shields        | 1 3 4 5 |  5.0
Throwing       | |  1.7
Dodging        | |  3.2

Action                   |  1- 3 |  4- 6 |  7- 9 | 10-12 || total
-------------------------+-------+-------+-------+-------++-------
Melee: War axe           |   104 |   229 |   305 |   540 ||  1178
Throw: Stone             |       |       |       |     1 ||     1
       Dart              |       |       |       |     1 ||     1
 Abil: Heal Wounds       |       |     5 |    13 |    22 ||    40
Evoke: Wand              |       |       |       |     9 ||     9
  Use: Scroll            |       |     9 |       |     6 ||    15
       Potion            |       |     2 |     2 |     3 ||     7
 Stab: Distracted        |     1 |       |       |       ||     1
Armor: Ring mail         |     7 |       |       |       ||     7
       Scale mail        |    28 |    85 |   118 |       ||   231
       Plate armour      |       |       |    10 |   260 ||   270
Dodge: Dodged            |    65 |   134 |   155 |   195 ||   549
Block: Buckler           |       |     7 |    68 |   117 ||   192

Table legend: (Time is in decaauts)
 A = Elapsed time spent in this place.
 B = Non-inter-level travel time spent in this place.
 C = Inter-level travel time spent in this place.
 D = Time resting spent in this place.
 E = Time spent auto-exploring this place.
 F = Levels seen in this place.
 G = Mean time per level.
                   A        B        C        D        E       F      G
               +--------+--------+--------+--------+--------+-----+--------+
         Total |   8826 |   8213 |    613 |    354 |   5271 |  13 |  678.9 |
       Dungeon |   8754 |   8154 |    600 |    354 |   5214 |  12 |  729.5 |
        Temple |     71 |     58 |     13 |      0 |     57 |   1 |   71.0 |
               +--------+--------+--------+--------+--------+-----+--------+

Top non-repeatable levels by time:
     D:2: 1283 daAuts
     D:8: 1135 daAuts
    D:11: 1027 daAuts
    D:10: 934 daAuts
     D:1: 903 daAuts
     D:4: 742 daAuts
     D:5: 711 daAuts
     D:3: 662 daAuts
     D:9: 601 daAuts
     D:6: 469 daAuts
    D:12: 143 daAuts
     D:7: 139 daAuts
  Temple: 71 daAuts
